 Dungeon Crawl Stone Soup version 0.27.1 (webtiles) character file.

Game seed: 14875849477573427541

39 bpung the Caller (level 3, 0/16 HPs)
             Began as a Vine Stalker Summoner on Aug 27, 2021.
             Slain by a hobgoblin (7 damage)
             ... on level 2 of the Dungeon.
             The game lasted 00:04:51 (2147 turns).

bpung the Caller (Vine Stalker Summoner)            Turns: 2147, Time: 00:04:52

Health: 0/16       AC:  2    Str: 10    XL:     3   Next: 45%
Magic:  0/8        EV: 12    Int: 16    God:
Gold:   67         SH:  0    Dex: 14    Spells: 4/7 levels left

rFire    . . .     SeeInvis .   a - +1 dagger
rCold    . . .     Faith    .   (no shield)
rNeg     . . .     Spirit   +   b - +1 robe
rPois    .         Reflect  .   (no helmet)
rElec    .         Harm     .   (no cloak)
rCorr    .         Rampage  .   (no gloves)
Will     .....                  (no boots)
Stlth    ++........             (no amulet)
HPRegen  0.05/turn              (no ring)
MPRegen  0.11/turn              (no ring)

@: no status effects
A: fangs 2, magic shield, antimagic bite, no potion heal 2, deformed body
a: no special abilities


You were on level 2 of the Dungeon.
You visited 1 branch of the dungeon, and saw 2 of its levels.

You collected 67 gold pieces.

Inventory:

Hand Weapons
 a - a +1 dagger (weapon)
Armour
 b - a +1 robe (worn)
Potions
 c - a potion of lignification
 e - a potion of curing


   Skills:
 + Level 0.1 Short Blades
 - Level 1.5 Dodging
 + Level 2.8 Stealth
 * Level 2.6 Spellcasting
 * Level 4.7 Summonings


You had 4 spell levels left.
You knew the following spells:

 Your Spells              Type           Power      Damage    Failure   Level
a - Summon Small Mammal   Summ           68%        N/A       2%          1
b - Call Imp              Summ           17%        N/A       4%          2

Your spell library contained the following spells:

 Spells                   Type           Power      Damage    Failure   Level
 Call Canine Familiar     Summ           17%        N/A       9%          3
 Summon Guardian Golem    Hex/Summ       9%         N/A       22%         3
 Summon Lightning Spire   Summ/Air       9%         N/A       58%         4


Dungeon Overview and Level Annotations

Branches:
Dungeon (2/15)

Altars:


Innate Abilities, Weirdness & Mutations

You have extremely sharp teeth.
When hurt, damage is shared between your health and your magic reserves.
Your bite disrupts and absorbs the magic of your enemies.
Potions cannot restore your health.
Armour fits poorly on your strangely shaped body.


Message History

You open the door.
There is an open door here.
You open the door.
There is an open door here.
A bat comes into view.
Found a green potion.
A bat is nearby!
You see here a green potion.
The helpless bat fails to defend itself.
You puncture the bat!
You kill the bat!
e - 2 green potions (gained 1)
Found a stone staircase leading up.
A jackal comes into view.
A jackal is nearby!
It was a potion of curing.
That felt strangely inert.
Drop what? 4/52 slots (_ for help) (? for menu, Esc to quit)
Okay, then.
A jackal comes into view.
A hobgoblin comes into view. It is wielding a +0 whip.
The jackal moves out of view.
You barely miss the jackal.
The jackal barks!
The hobgoblin shouts!
The jackal barks!
The jackal bites you. The jackal closely misses you.
A worm comes into view.
You hit the jackal. Your bite misses the jackal.
The jackal is almost dead.
The jackal completely misses you.
You closely miss the jackal. Your bite misses the jackal.
The jackal is almost dead.
The jackal barely misses you. The jackal bites you.
Casting: Summon Small Mammal (safe; 2% risk of failure)
Confirm with . or Enter, or press ? or * to list all spells.
A beastly little devil appears in a puff of flame.
The jackal completely misses you. The hobgoblin hits you with a +0 whip!
Casting: Call Imp (safe; 4% risk of failure)
Confirm with . or Enter, or press ? or * to list all spells.
A beastly little devil appears in a puff of frigid air.
The jackal bites you. The hobgoblin hits you with a +0 whip!
You die...

#.# *,,,,,,,,*,,,*,***,**, #†####
*....,***,,∩,,** *,**, .....#
**...***,*,,,*,* *,,,, ..##.#
*#.###*,,*,*,,* ***** ####.#
#.#.##,,,*,,,* ..##.#
##....##,.,.,,** * #.##.#
##.5....#.w..,,,** **
..##.#######.....g#.....,,,,****,
................@hh.....,,,,+,,,,
.....#######...#5##.<...,,,,****,
#.#### ##....#**,...,,,** ** ..#
#.#### **,,.,,** *, ### #.#
**,,,** *, #.# **+** *, #.# *,*
** #.# ******,****** * #.#
*,,,,,,,,,,,* *


You could see a worm, 2 jackals, a hobgoblin, a friendly crimson imp (summoned)
and a friendly white imp (summoned).

Vanquished Creatures
  An adder (D:2)
  A dart slug (D:1)
  An orc (D:2)
  3 bats
  2 endoplasms (D:1)
  2 goblins (D:1)
  2 jackals (D:1)
  3 ball pythons (D:1)
  A kobold (D:1)
  2 rats (D:1)
18 creatures vanquished.

Vanquished Creatures (collateral kills)
  A worm (D:2)
  A goblin (D:1)
  2 jackals (D:1)
  A kobold (D:1)
  A ball python (D:1)
  A bat (D:1)
  2 frilled lizards (D:1)
9 creatures vanquished.

Grand Total: 27 creatures vanquished

Notes
Turn   | Place    | Note
-------+----------+-------------------------------------------
     0 | D:1      | bpung the Vine Stalker Summoner began the quest for the
                  | Orb.
     0 | D:1      | Reached XP level 1. HP: 9/9 MP: 4/4
   209 | D:1      | Reached XP level 2. HP: 4/13 MP: 3/6
   428 | D:1      | Learned a level 2 spell: Call Imp
  1353 | D:1      | Reached XP level 3. HP: 16/16 MP: 7/7
  1547 | D:2      | Gained mutation: Armour fits poorly on your strangely
                  | shaped body. [potion of mutation]
  2147 | D:2      | Slain by a hobgoblin

Illustrated notes

Levels and vault maps discovered:
D:1:      psy_arrival_statuary, layout_basic, minivault_14
D:2:      layout_loops_corners, serial_shops, nicolae_diamond_shop,
          corexii_shack

Action                   || total
-------------------------++-------
Melee: Dagger            ||    62
       Bite              ||    10
       Unarmed           ||     2
 Cast: Summon Small Mamm ||    14
       Call Imp          ||     6
  Use: Scroll            ||     4
       Potion            ||     3
 Stab: Sleeping          ||     6
Armor: Robe              ||    10
Dodge: Dodged            ||    48
